 Dungeon Crawl Stone Soup version 0.17.1-2-g5865329 (webtiles) character file.

270027 ThermosAquaticus the Wrestler (level 19, 0/164 HPs)
             Began as a Troll Fighter on Feb 14, 2016.
             Was the Champion of Okawaru.
             Slain by a great orb of eyes (19 damage)
             ... while paralysed by a great orb of eyes
             ... on level 2 of the Vaults.
             The game lasted 02:17:48 (36316 turns).

ThermosAquaticus the Wrestler (Troll Fighter)      Turns: 36316, Time: 02:17:48

Health: 0/164      AC: 22    Str: 31    XL:     19   Next: 41%
Magic:  17/19      EV:  3    Int: 13    God:    Okawaru [******]
Gold:   3943       SH:  0    Dex: 12    Spells: 0 memorised, 18 levels left

rFire  + . .     SeeInvis .       - Unarmed
rCold  + . .     Clarity  .     a - +2 troll leather armour {rC+}
rNeg   . . .     SustAt   .     n - +2 shield {rF+}
rPois  .         Gourm    +     C - +2 hat
rElec  +         Spirit   .     R - +0 cloak of the Accordion {Int+5}
rCorr  .         Warding  .     (gloves unavailable)
rMut   .         Stasis   .     (boots unavailable)
MR     +....                    t - amulet of faith
Stlth  +++.......               V - +4 ring of evasion
                                G - +3 ring of protection

@: paralysed, heroism, somewhat resistant to hostile enchantments, fairly
stealthy
A: unfitting armour, claws 3, horns 1, talons 1, repulsion field 1, rough black
scales 1, camouflage 1, agile 1, fast metabolism 3, frail 2, gourmand,
regeneration 2, screaming 1, shaggy fur 1, electricity resistance, strong 1,
tough skin 2
a: Heroism, Finesse, Renounce Religion
}: 2/15 runes: decaying, gossamer


You were on level 2 of the Vaults.
You worshipped Okawaru.
Okawaru was exalted by your worship.
You were very full.

You visited 7 branches of the dungeon, and saw 38 of its levels.
You also visited: Labyrinth, Ice Cave and Volcano.

You collected 4095 gold pieces.
You spent 152 gold pieces at shops.

Inventory:

Hand Weapons
 D - a +1 blowgun
Missiles
 g - 12 large rocks
 q - 89 poisoned needles
 v - 5 curare-tipped needles
 w - 58 tomahawks (quivered)
Armour
 a - a +2 troll leather armour of cold resistance (worn)
 m - a swamp dragon hide
 n - a +2 shield of fire resistance (worn)
 C - a +2 hat (worn)
 R - the +0 cloak of the Accordion (worn) {Int+5}
   (You acquired it on level 15 of the Dungeon)

   It affects your intelligence (+5).
Jewellery
 s - a +5 ring of strength
 t - an amulet of faith (around neck)
 u - an uncursed amulet of stasis
 A - a cursed amulet of inaccuracy {unknown}
 F - an uncursed ring of protection from fire
 G - a +3 ring of protection (left claw)
 V - a +4 ring of evasion (right claw)
Wands
 y - a wand of digging (10)
 E - a wand of fire (6)
 K - a wand of disintegration (16)
 M - a wand of heal wounds (5)
 T - a wand of teleportation (6)
Scrolls
 h - 15 scrolls of remove curse
 j - 2 scrolls of teleportation
 p - 7 scrolls of enchant weapon
 r - 6 scrolls of blinking
 x - 3 scrolls of recharging
 z - 3 scrolls of identify
 B - 6 scrolls of enchant armour
 H - a scroll of brand weapon
 J - 3 scrolls of fog
Potions
 b - a potion of flight
 c - 3 potions of might
 e - 5 potions of agility
 f - 13 potions of curing
 i - 5 potions of haste
 L - 4 potions of berserk rage
 O - a potion of magic
 X - 3 potions of resistance
 Z - 2 potions of cancellation
Miscellaneous
 o - a lamp of fire
Comestibles
 d - 16 bread rations
 k - a slice of pizza
 l - 10 meat rations
 I - 23 fruits
 N - 13 royal jellies
 U - 4 beef jerkies


   Skills:
 + Level 16.4(21.4) Fighting
 + Level 11.0(16.0) Throwing
 - Level 11.0(16.0) Armour
 - Level 2.4(7.4) Dodging
 - Level 9.0(14.0) Shields
 - Level 21.0(26.0) Unarmed Combat
 - Level 2.4 Invocations


You had 18 spell levels left.
You didn't know any spells.

Dungeon Overview and Level Annotations

Branches:
Dungeon (15/15)            Temple (1/1) D:6            Lair (8/8) D:10
  Swamp (4/4) Lair:4       Spider (4/4) Lair:3        Slime (0/6) Lair:7
    Orc (4/4) D:9             Elf (0/3) Orc:3        Vaults (2/5) D:14
  Crypt (0/3) Vaults:2     Depths (0/5) D:15

Altars:
Ashenzari
Cheibriados
Dithmenos
Elyvilon
Fedhas
Gozag
Kikubaaqudgha
Makhleb
Nemelex Xobeh
Okawaru
Qazlal
Ru
Sif Muna
Trog
Vehumet
Xom
Yredelemnul
Zin
The Shining One
Jiyva

Shops:
Orc:1 (   Orc:4 [:(*

Portals:
Hell: Lair:8
Trove: D:10 (show abyssal rune of Zot)

Annotations:
Spider:1 exclusion: Roxanne, Roxanne


Innate Abilities, Weirdness & Mutations

You are too large for most types of armour.
You have claws for hands.
Your metabolism is lightning-fast.
You like to eat raw meat.
You heal very quickly.
You are covered in fur (AC +1).
You have very tough skin (AC +2).
You have a pair of small horns on your head.
You have sharp toenails.
You are surrounded by a mild repulsion field (EV +2).
You are partially covered in rough black scales (AC +4, Dex -1).
Your skin changes colour to match your surroundings (Stealth).
You are agile. (Dex +2)
You are very frail (-20% HP).
You occasionally shout uncontrollably at your foes.
You are resistant to electric shocks.
Your muscles are strong. (Str +2)


Message History

The great orb of eyes gazes at you. You resist with some effort.
You mangle the stone giant!!
You kill the stone giant!
Okawaru accepts your kill. The orc warrior misses you.
You eviscerate the orc warrior!!!
You kill the orc warrior!
The great orb of eyes gazes at you.
You suddenly lose the ability to move!
The yaktaur captain shoots a bolt.
The bolt hits you!! The great orb of eyes bites you.
The ogre hits you but does no damage. The great orb of eyes bites you!
The yaktaur captain shoots a bolt.
The bolt hits you!!
* * * LOW HITPOINT WARNING * * *
The ogre hits you with a giant spiked club!
* * * LOW HITPOINT WARNING * * *
The ironbrand convoker points at the ogre and mumbles some strange words.
The ogre seems to grow stronger.
The great orb of eyes bites you!!
You die...

######+##
#.......#
#.......#
#..###..#
#..#.#..#
#..###..#
#.....G.#
#....)@(#
#####'#O#
#c.p..
#C......
#.(.......
#......C..
#.........
#.........
#######


You could see a stone giant, a yaktaur captain, a great orb of eyes, a cyclops,
an ironbrand convoker and an ogre.

Vanquished Creatures
  Arachne (Spider:4)
  Asterion (Spider:1)
  4 large abominations
  2 thorn hunters
  Agnes (D:15)
  5 ghost moths
  2 vault wardens (Vaults:1)
  Donald (Spider:1)
  A frost giant (Vaults:1)
  Louise (Spider:4)
  6 emperor scorpions (Spider:4)
  An orc warlord (Orc:4)
  2 stone giants (Vaults:2)
  6 ironheart preservers
  A very ugly thing (Swamp:4)
  A deep elf annihilator (Vaults:1)
  Snorg (D:14)
  11 vault guards
  2 green deaths (Swamp:4)
  3 yaktaur captains
  A minotaur (Lab)
  Josephine (D:12)
  2 death oozes (Swamp:4)
  A minotaur (shapeshifter) (Vaults:1)
  2 entropy weavers (Spider:2)
  A rakshasa (Vaults:1)
  19 hydras
  Harold (D:10)
  2 hell beasts
  5 ogre magi
  2 ghost crabs
  Erolcha (D:11)
  A dancing weapon (Vaults:2)
  5 alligators
  4 centaur warriors
  A queen ant (Lair:3)
  14 death yaks
  Urug (D:14)
  2 tengu warriors (D:14)
  3 orc high priests (Orc:4)
  2 thrashing horrors (Swamp:4)
  Nergalle (Orc:1)
  4 iron golems (D:14)
  A death drake (Swamp:2)
  4 unseen horrors
  A skeletal warrior (D:14)
  2 ice devils (IceCv)
  A spriggan druid (Swamp:3)
  2 phantasmal warriors
  4 ironbrand convokers
  5 swamp dragons
  A flayed ghost (Vaults:1)
  4 spectral hydras (Swamp:2)
  A harpy (shapeshifter) (Vaults:2)
  7 hill giants
  2 shambling mangroves
  Pikel (D:8)
  A necromancer (Swamp:2)
  A wizard (Lair:8)
  6 griffons
  19 orb spiders
  39 wolf spiders
  A deep elf conjurer (D:15)
  4 moths of wrath
  3 hornets
  8 oklob plants (Lair:4)
  26 ugly things
  A cyclops (Vaults:1)
  2 vault sentinels (Vaults:1)
  6 orc knights
  6 black mambas
  4 orc sorcerers
  A guardian serpent (shapeshifter) (Vaults:1)
  Maurice (D:10)
  4 orange demons
  Joseph (D:7)
  13 elephants
  2 naga magi (D:15)
  2 ice statues (IceCv)
  4 centaur skeletons
  15 spiny frogs
  A gargoyle (D:15)
  8 torpor snails
  A kobold demonologist (Vaults:1)
  7 fire drakes
  7 komodo dragons
  15 yaktaurs
  3 swamp worm zombies (Swamp:2)
  A yaktaur (shapeshifter) (D:13)
  17 demonic crawlers
  An efreet (D:14)
  10 trolls
  2 red devils (Lair:8)
  A hellwing (Lair:8)
  3 deep elf priests
  12 blue devils
  3 freezing wraiths
  7 two-headed ogres
  3 giant leeches
  15 slime creatures
  4 alligator zombies (Swamp:2)
  36 jumping spiders
  2 spectral swamp dragons (Swamp:2)
  38 blink frogs
  15 bog bodies
  3 boulder beetles
  39 yaks
  5 shadows
  Sigmund (D:3)
  46 redbacks
  18 tarantellas
  5 spriggans
  12 wraiths
  A hungry ghost (D:15)
  A wyvern (D:11)
  19 trapdoor spiders
  4 basilisks
  7 hippogriffs
  7 deep elf magi
  A steam dragon (Lair:5)
  22 vampire mosquitoes
  14 insubstantial wisps
  3 wargs
  7 deep elf fighters
  12 wolves
  A mottled dragon (D:15)
  7 soldier ants
  16 water moccasins
  A spiny frog zombie (Swamp:2)
  11 porcupines
  30 swamp worms
  4 black bears
  28 ogres
  31 orc warriors
  14 wasps
  8 swamp drakes
  15 spiders
  9 sky beasts
  2 phantoms
  3 ice beasts
  14 centaurs
  22 crocodiles
  The ghost of Dustman the Firebug, an amateur HuFE (D:5)
  18 giant frogs
  3 big kobolds
  2 brain worms
  A gnoll sergeant (D:12)
  5 scorpions
  3 killer bees (D:10)
  A wyvern skeleton (D:10)
  6 troll zombies (Swamp:2)
  7 electric eels
  An orc simulacrum (Vaults:1)
  4 spriggan zombies (Swamp:2)
  11 wights
  A wasp zombie (D:11)
  18 orc priests
  8 hounds
  6 jellies
  5 crimson imps
  6 centaur zombies
  3 giant frog zombies
  29 orc wizards
  Ijyb (D:2)
  Terence (D:2)
  7 hell rats (Lair:8)
  Natasha (thrice) (D:2)
  7 iguanas
  20 sheep
  26 worker ants
  A killer bee zombie (D:7)
  A hound zombie (D:7)
  2 hound skeletons
  2 worker ant zombies (D:6)
  Robin (D:3)
  11 adders
  3 gnolls (D:8)
  73 river rats
  17 white imps
  4 shadow imps
  2 ufetubi (IceCv)
  6 oozes
  2 adder zombies
  An adder skeleton (D:4)
  10 worms
  3 giant geckos
  153 orcs
  18 bats
  2 giant cockroaches
  10 hobgoblins
  15 jackals
  7 quokkas
  3 giant newts
  15 goblins
  2 jackal skeletons (D:6)
  17 kobolds
  23 rats
  5 briar patches
  2 crawling corpses (D:15)
  7 plants
1612 creatures vanquished.

Vanquished Creatures (others)
  A ghost moth (Spider:2)
  A hydra (Swamp:1)
  An unseen horror (Vaults:1)
  A wolf spider (Spider:2)
  A spiny frog zombie (Swamp:2)
  A sky beast (D:8)
  4 white imps (IceCv)
  6 ufetubi (IceCv)
  An orc (D:12)
  27 fungi
  8 plants
  6 toadstools (Swamp:3)
58 creatures vanquished.

Grand Total: 1670 creatures vanquished

Notes
Turn   | Place    | Note
--------------------------------------------------------------
     0 | D:1      | ThermosAquaticus the Troll Fighter began the quest for the Orb.
     0 | D:1      | Reached XP level 1. HP: 22/22 MP: 0/0
   184 | D:1      | Reached XP level 2. HP: 19/29 MP: 1/1
   222 | D:1      | Reached skill level 3 in Unarmed Combat
   776 | D:2      | Found a basalt altar of Yredelemnul.
   810 | D:2      | Noticed Natasha
   827 | D:2      | Killed Natasha
   827 | D:2      | Reached skill level 4 in Unarmed Combat
   827 | D:2      | Reached XP level 3. HP: 13/36 MP: 2/2
   878 | D:2      | Noticed Terence
   891 | D:2      | Killed Terence
   891 | D:2      | Reached XP level 4. HP: 36/44 MP: 3/3
   968 | D:2      | Found an opulent altar of Gozag.
  1008 | D:2      | Noticed Ijyb
  1021 | D:2      | Killed Ijyb
  1090 | D:2      | Found a sparkling altar of Nemelex Xobeh.
  1124 | D:2      | Reached skill level 5 in Unarmed Combat
  1259 | D:2      | Noticed Natasha
  1272 | D:2      | Killed Natasha
  1311 | D:2      | Reached XP level 5. HP: 50/50 MP: 4/4
  1331 | D:2      | Found a white marble altar of Elyvilon.
  1363 | D:2      | Noticed Natasha
  1371 | D:2      | Killed Natasha
  1869 | D:3      | Reached skill level 6 in Unarmed Combat
  2100 | D:3      | Noticed Sigmund
  2122 | D:3      | Killed Sigmund
  2122 | D:3      | Reached skill level 7 in Unarmed Combat
  2122 | D:3      | Reached XP level 6. HP: 31/59 MP: 5/5
  2224 | D:3      | Noticed Robin
  2243 | D:3      | Killed Robin
  2677 | D:4      | Reached XP level 7. HP: 49/66 MP: 6/6
  2749 | D:4      | Reached skill level 8 in Unarmed Combat
  2963 | D:4      | Found a stormy altar of Qazlal.
  3095 | D:5      | Entered Level 5 of the Dungeon
  3150 | D:5      | Noticed Dustman's ghost (amateur HuFE)
  3172 | D:5      | Killed Dustman's ghost
  3518 | D:5      | Reached XP level 8. HP: 74/74 MP: 7/7
  3593 | D:5      | Reached skill level 5 in Shields
  4087 | D:6      | Found a shattered altar of Ashenzari.
  4376 | D:6      | Found a staircase to the Ecumenical Temple.
  4383 | Temple   | Entered the Ecumenical Temple
  4748 | D:7      | Reached XP level 9. HP: 44/84 MP: 8/8
  4762 | D:7      | Gained mutation: Armour fits poorly on your strangely shaped body. [mutagenic meat]
  4763 | D:7      | Gained mutation: You are partially covered in rough black scales (AC +4, Dex -1). [mutagenic meat]
  4764 | D:7      | Gained mutation: You have a pair of small horns on your head. [mutagenic meat]
  4766 | D:7      | Gained mutation: Your system is resistant to poisons. [mutagenic meat]
  4767 | D:7      | Gained mutation: You are partially covered in molten scales (AC +1). [mutagenic meat]
  4921 | D:7      | Noticed Joseph
  4932 | D:7      | Killed Joseph
  4932 | D:7      | Reached skill level 9 in Unarmed Combat
  5287 | D:7      | Reached skill level 5 in Fighting
  5457 | D:7      | Gained mutation: Your body sometimes deteriorates upon taking damage. [mutagenic meat]
  5458 | D:7      | Gained mutation: You are dopey. (Int -2) [mutagenic meat]
  5459 | D:7      | Gained mutation: Your flesh is cold resistant. [mutagenic meat]
  5722 | D:8      | Found an iron altar of Okawaru.
  5730 | D:8      | Became a worshipper of Warmaster Okawaru
  5801 | D:8      | Noticed Pikel
  5810 | D:8      | Killed Pikel
  5810 | D:8      | Reached skill level 10 in Unarmed Combat
  6153 | D:8      | Reached XP level 10. HP: 81/98 MP: 9/9
  6186 | D:8      | Found a blossoming altar of Fedhas.
  6197 | D:8      | Gained mutation: You are surrounded by a mild repulsion field (EV +2). [mutagenic meat]
  6264 | D:8      | Found an iron altar of Okawaru.
  6530 | D:9      | Reached * piety under Okawaru
  6602 | D:9      | Found a staircase to the Orcish Mines.
  6617 | D:9      | Reached skill level 1 in Invocations
  6680 | D:9      | Reached ** piety under Okawaru
  6897 | D:9      | Reached skill level 11 in Unarmed Combat
  7260 | D:9      | Lost mutation: Your body sometimes deteriorates upon taking damage. [mutagenic meat]
  7261 | D:9      | Gained mutation: You are somewhat resistant to further mutation. [mutagenic meat]
  7322 | D:10     | Entered Level 10 of the Dungeon
  7395 | D:10     | Noticed Maurice
  7448 | D:10     | Reached *** piety under Okawaru
  7465 | D:10     | Killed Maurice
  7671 | D:10     | Reached XP level 11. HP: 108/111 MP: 11/11
  7726 | D:10     | Found a staircase to the Lair.
  7758 | D:10     | Noticed Harold
  7780 | D:10     | Reached skill level 12 in Unarmed Combat
  7795 | D:10     | Killed an unseen horror
  8088 | D:10     | Killed Harold
  8088 | D:10     | Reached **** piety under Okawaru
  8267 | D:10     | Found a portal to a secret trove of treasure.
  8573 | D:11     | Lost mutation: You are somewhat resistant to further mutation. [mutagenic meat]
  8675 | D:11     | Reached ***** piety under Okawaru
  8809 | D:11     | Noticed Erolcha
  8820 | D:11     | Killed Erolcha
  8820 | D:11     | Reached skill level 13 in Unarmed Combat
  9109 | D:11     | Noticed a hill giant
  9118 | D:11     | Killed a hill giant
  9614 | D:12     | Received a gift from Okawaru
  9777 | D:12     | Noticed Josephine
  9796 | D:12     | Killed Josephine
  9796 | D:12     | Reached skill level 1 in Armour
  9796 | D:12     | Reached XP level 12. HP: 98/119 MP: 10/12
 10297 | Lair:1   | Entered Level 1 of the Lair of Beasts
 10412 | Lair:1   | Identified 2 scrolls of acquirement
 10602 | Lair:1   | Reached skill level 14 in Unarmed Combat
 10605 | Lair:1   | Received a gift from Okawaru
 11416 | Lair:2   | Reached skill level 5 in Armour
 11833 | Lair:2   | Noticed a four-headed hydra
 11846 | Lair:2   | Killed a ten-headed hydra
 12072 | Lair:3   | Reached skill level 15 in Unarmed Combat
 12090 | Lair:3   | Reached XP level 13. HP: 121/127 MP: 13/13
 12259 | Lair:3   | Reached ****** piety under Okawaru
 12640 | Lair:3   | Found a hole to the Spider Nest.
 13205 | Lair:4   | Received a gift from Okawaru
 13251 | Lair:4   | Found a snail-covered altar of Cheibriados.
 13402 | Lair:4   | Found a staircase to the Swamp.
 13805 | Lair:4   | Reached skill level 16 in Unarmed Combat
 14047 | Lair:4   | Received a gift from Okawaru
 15235 | Lair:6   | Found a frozen archway.
 15282 | IceCv    | Entered an ice cave
 15425 | IceCv    | Reached XP level 14. HP: 112/136 MP: 14/14
 15485 | IceCv    | Received a gift from Okawaru
 16714 | Lair:7   | Gained mutation: You are agile. (Dex +2) [potion of beneficial mutation]
 16759 | Lair:7   | Reached skill level 10 in Armour
 16767 | Lair:7   | Reached skill level 17 in Unarmed Combat
 16852 | Lair:7   | Received a gift from Okawaru
 16941 | Lair:7   | Found a dark tunnel.
 16960 | Volcano  | Entered a volcano
 16979 | Volcano  | Found a bloodstained altar of Trog.
 17362 | Lair:7   | Found a staircase to the Slime Pits.
 17362 | Lair:7   | Found a viscous altar of Jiyva.
 17579 | Lair:8   | Entered Level 8 of the Lair of Beasts
 17612 | Lair:8   | Received a gift from Okawaru
 17618 | Lair:8   | Got a jewelled shield {god gift}
 17675 | Lair:8   | Identified the +1 shield of Saaw {+Fly SInv} (Okawaru gifted it to you on level 8 of the Lair of Beasts)
 18124 | Lair:8   | Found a burning altar of Makhleb.
 18246 | Lair:8   | Found a gateway to Hell.
 18447 | Lair:8   | Reached XP level 15. HP: 109/145 MP: 15/15
 18873 | Lair:8   | Reached skill level 18 in Unarmed Combat
 19214 | Orc:1    | Entered Level 1 of the Orcish Mines
 19228 | Orc:1    | Found Vifity's Weapon Shoppe.
 20041 | Orc:1    | Found a bloodstained altar of Trog.
 20177 | Orc:1    | Noticed Nergalle
 20182 | Orc:1    | Killed Nergalle
 20433 | Orc:3    | Found a staircase to the Elven Halls.
 20897 | Orc:4    | Entered Level 4 of the Orcish Mines
 20927 | Orc:4    | Found Orasap's Antique Weapon Shoppe.
 20957 | Orc:4    | Found Elim's General Store.
 21209 | Orc:4    | Received a gift from Okawaru
 21233 | Orc:4    | Found Lazyitod's Antique Armour Boutique.
 21474 | Orc:4    | Found Buing's Book Boutique.
 21612 | Orc:4    | Bought a glowing shield for 76 gold pieces
 21640 | Orc:4    | Bought a shiny large shield for 76 gold pieces
 21899 | D:12     | Gained mutation: You expend magic power (3 MP) to strengthen your wands. [mutagenic meat]
 21900 | D:12     | Lost mutation: You are dopey. (Int -2) [mutagenic meat]
 21901 | D:12     | Gained mutation: You have sharp toenails. [mutagenic meat]
 21902 | D:12     | Gained mutation: You occasionally shout uncontrollably at your foes. [mutagenic meat]
 21981 | D:13     | Gained mutation: Your muscles are strong. (Str +2) [mutagenic meat]
 22630 | D:14     | Noticed Snorg
 22652 | D:14     | Killed Snorg
 22652 | D:14     | Reached skill level 10 in Fighting
 22665 | D:14     | Received a gift from Okawaru
 22725 | D:14     | Found a gate to the Vaults.
 22749 | D:14     | Found a shadowy altar of Dithmenos.
 22772 | D:14     | Found a labyrinth entrance.
 22776 | D:14     | Noticed Urug
 22781 | Lab      | Entered a labyrinth
 23251 | Lab      | Identified the Grimoire of Enchantment
 23292 | D:14     | Killed Urug
 23292 | D:14     | Received a gift from Okawaru
 23686 | D:14     | Received a gift from Okawaru
 23686 | D:14     | Reached skill level 19 in Unarmed Combat
 24065 | D:13     | Lost mutation: Your flesh is cold resistant. [mutagenic meat]
 24066 | D:13     | Lost mutation: You occasionally shout uncontrollably at your foes. [mutagenic meat]
 24068 | D:13     | Gained mutation: You regenerate. [mutagenic meat]
 24070 | D:13     | Lost mutation: You regenerate. [mutagenic meat]
 24071 | D:13     | Gained mutation: You are frail (-10% HP). [mutagenic meat]
 24073 | D:13     | Lost mutation: You are frail (-10% HP). [mutagenic meat]
 24178 | D:14     | Reached XP level 16. HP: 119/162 MP: 16/16
 24256 | D:15     | Entered Level 15 of the Dungeon
 24294 | D:15     | Noticed Agnes
 24305 | D:15     | Killed Agnes
 25102 | D:15     | Found a staircase to the Depths.
 25216 | D:15     | Received a gift from Okawaru
 25255 | D:15     | Got a faintly glowing shield
 25266 | D:15     | Identified the +0 shield "Seineav" {rN+ rCorr MP+9} (You acquired it on level 15 of the Dungeon)
 25280 | D:15     | Got an encrusted cloak
 25291 | D:15     | Identified the +0 cloak of the Accordion {Int+5} (You acquired it on level 15 of the Dungeon)
 25586 | Spider:1 | Entered Level 1 of the Spider Nest
 25711 | Spider:1 | Noticed Asterion
 25724 | Spider:1 | Killed Asterion
 25735 | Spider:1 | Noticed Donald
 25746 | Spider:1 | Killed Donald
 25835 | Spider:1 | Received a gift from Okawaru
 25841 | Spider:1 | Noticed Roxanne
 26652 | Spider:2 | Reached skill level 20 in Unarmed Combat
 26874 | Spider:2 | Received a gift from Okawaru
 27053 | Spider:2 | Lost mutation: You expend magic power (3 MP) to strengthen your wands. [mutagenic meat]
 27594 | Spider:2 | Reached XP level 17. HP: 173/176 MP: 17/17
 27822 | Spider:3 | Received a gift from Okawaru
 27939 | Spider:3 | Gained mutation: Scrolls take you a little longer to read. [mutagenic meat]
 27941 | Spider:3 | Lost mutation: Scrolls take you a little longer to read. [mutagenic meat]
 27944 | Spider:3 | Lost mutation: Your muscles are strong. (Str +2) [mutagenic meat]
 28550 | Spider:3 | Gained mutation: You are frail (-10% HP). [mutagenic meat]
 28551 | Spider:3 | Gained mutation: Scrolls take you a little longer to read. [mutagenic meat]
 28554 | Spider:3 | Gained mutation: You are very agile. (Dex +4) [potion of mutation]
 28554 | Spider:3 | Gained mutation: You regenerate. [potion of mutation]
 28562 | Spider:4 | Entered Level 4 of the Spider Nest
 28568 | Spider:4 | Received a gift from Okawaru
 28854 | Spider:4 | Noticed Arachne
 28884 | Spider:4 | Killed Arachne
 29231 | Spider:4 | Received a gift from Okawaru
 29268 | Spider:4 | Reached skill level 21 in Unarmed Combat
 29271 | Spider:4 | Noticed Louise
 29282 | Spider:4 | Killed Louise
 29282 | Spider:4 | Reached skill level 1 in Throwing
 29768 | Spider:4 | Got a gossamer rune of Zot
 30074 | Swamp:1  | Entered Level 1 of the Swamp
 30491 | Swamp:1  | Received a gift from Okawaru
 30630 | Swamp:1  | Reached skill level 5 in Throwing
 30928 | Swamp:2  | Reached XP level 18. HP: 171/171 MP: 18/18
 31136 | Swamp:2  | Identified the Tome of Dislocation
 31223 | Swamp:2  | Received a gift from Okawaru
 32763 | Swamp:4  | Entered Level 4 of the Swamp
 32782 | Swamp:4  | Reached skill level 15 in Fighting
 33090 | Swamp:4  | Lost mutation: You are partially covered in molten scales (AC +1). [mutagenic meat]
 33091 | Swamp:4  | Lost mutation: Scrolls take you a little longer to read. [mutagenic meat]
 33701 | Swamp:4  | Received a gift from Okawaru
 33774 | Swamp:4  | Gained mutation: Your skin changes colour to match your surroundings (Stealth). [mutagenic meat]
 33775 | Swamp:4  | Lost mutation: You regenerate. [mutagenic meat]
 33842 | Swamp:4  | Got a decaying rune of Zot
 34593 | Vaults:1 | Entered Level 1 of the Vaults
 34967 | Vaults:1 | Received a gift from Okawaru
 35016 | Vaults:1 | Received a gift from Okawaru
 35016 | Vaults:1 | Reached XP level 19. HP: 50/181 MP: 19/19
 35251 | Vaults:1 | Received a gift from Okawaru
 35269 | Vaults:1 | Reached skill level 10 in Throwing
 35273 | Vaults:1 | Received a gift from Okawaru
 35297 | Vaults:1 | Lost mutation: You are very agile. (Dex +4) [mutagenic meat]
 35528 | Vaults:1 | Received a gift from Okawaru
 35586 | Vaults:1 | Lost mutation: Your system is resistant to poisons. [mutagenic meat]
 35587 | Vaults:1 | Gained mutation: You are resistant to electric shocks. [mutagenic meat]
 35591 | Vaults:1 | Gained mutation: Your muscles are strong. (Str +2) [mutagenic meat]
 35592 | Vaults:1 | Gained mutation: You occasionally shout uncontrollably at your foes. [mutagenic meat]
 35783 | Vaults:1 | Lost mutation: Armour fits poorly on your strangely shaped body. [mutagenic meat]
 35784 | Vaults:1 | Gained mutation: You are very frail (-20% HP). [mutagenic meat]
 36105 | Vaults:2 | Found a staircase to the Crypt.
 36313 | Vaults:2 | Paralysed by a great orb of eyes for 5 turns
 36316 | Vaults:2 | Slain by a great orb of eyes

Action                   |  1- 3 |  4- 6 |  7- 9 | 10-12 | 13-15 | 16-18 | 19-21 || total
-------------------------+-------+-------+-------+-------+-------+-------+-------++-------
Melee: Unarmed           |    65 |   196 |   317 |   675 |  1757 |  1750 |   260 ||  5020
 Fire: Blowgun           |       |       |       |       |       |    85 |       ||    85
Throw: Tomahawk          |       |       |       |    12 |    12 |    31 |       ||    55
Invok: Heroism           |       |       |       |     4 |    11 |    13 |     2 ||    30
Evoke: Wand              |       |       |       |     9 |     1 |     3 |     2 ||    15
  Use: Scroll            |       |     3 |     1 |     8 |    22 |    14 |     2 ||    50
       Potion            |       |       |       |     2 |     1 |    12 |     1 ||    16
 Stab: Sleeping          |     2 |       |     1 |     1 |       |     2 |       ||     6
       Distracted        |       |       |       |       |     1 |       |       ||     1
  Eat: Chunk             |    11 |    19 |    40 |    64 |   125 |   131 |    23 ||   413
       Bread ration      |       |       |     1 |       |       |       |       ||     1
       Pizza             |       |       |       |       |     1 |     2 |       ||     3
       Beef jerky        |       |       |       |       |     1 |       |       ||     1
